 Dungeon Crawl Stone Soup version 0.31-a0-167-g1c394c0614 (webtiles) character file.

Game seed: 13621010007779161024

59 qw the Shooter (level 4, -2/28 HPs)
             Began as a Gargoyle Hunter on June 14, 2023.
             Blown up by Ijyb (14 damage)
             ... with a mindburst bolt
             ... on level 2 of the Dungeon.
             The game lasted 00:00:26 (926 turns).

qw the Shooter (Gargoyle Hunter)                     Turns: 926, Time: 00:00:27

Health: -2/28      AC:  6    Str: 15    XL:     4   Next: 3%
Magic:  4/4        EV: 11    Int:  9    God:
Gold:   74         SH:  0    Dex: 15    Spells: 3/3 levels left

rFire   . . .        Y - +0 shortbow
rCold   . . .        (shield currently unavailable)
rNeg    + . .        c - +0 leather armour
rPois   inf          (no helmet)
rElec   +            (no cloak)
rCorr   .            (no gloves)
SInv    .            (no boots)
Will    .....        (no amulet)
Stlth   ++           (no ring)
HPRegen 0.24/turn    (no ring)
MPRegen 0.09/turn

%: no passive effects
@: no status effects
A: sickness immunity, AC +3, negative energy resistance 1, electricity
resistance, torment resistance 1, petrification resistance
a: no special abilities


You were on level 2 of the Dungeon.
You visited 1 branch of the dungeon, and saw 2 of its levels.

You collected 74 gold pieces.


Innate Abilities, Weirdness & Mutations

You are immune to sickness and miasma.
Your stone body is resilient. (AC +3)
You are immune to poison.
You resist negative energy. (rN+)
You are resistant to electric shocks. (rElec)
You are resistant to unholy torment.
You are immune to petrification.


   Skills:
 - Level 3.0 Fighting
 + Level 5.1 Ranged Weapons
 - Level 1.5 Dodging
 - Level 1.1 Stealth


You had 3 spell levels left.
You didn't know any spells.
Your spell library was empty.

Inventory:

Hand Weapons
 Y - a +0 shortbow (weapon)
Armour
 b - a +0 ring mail
 c - a +0 leather armour (worn)
 d - a +0 helmet
Scrolls
 a - a scroll of teleportation {unknown}
Potions
 e - a potion of attraction {unknown}
 g - a potion of brilliance {unknown}
 i - 3 potions of curing {unknown}

Dungeon Overview and Level Annotations

Branches:
Dungeon (2/15)

Altars:

Shops:
D:1 ?

Annotations:
D:2 Ijyb


Message History

You shoot an arrow. The goblin shouts! x2
The arrow hits the goblin!
You kill the goblin!
Ijyb the Twisted Goblin comes into view.
She is wielding a +0 club and carrying a wand of mindburst (14).
You shoot an arrow. The arrow barely misses the goblin.
Ijyb shouts!
The arrow hits the goblin.
The goblin is heavily wounded.
You shoot an arrow. The arrow hits the goblin.
You kill the goblin!
You shoot an arrow. The arrow closely misses the goblin.
The arrow hits the goblin.
The goblin is severely wounded.
You shoot an arrow. The arrow hits the goblin!
You kill the goblin!
The goblin hits you with a +0 dagger. The goblin hits you but does no damage.
You have reached level 4!
You feel stronger.
You shoot an arrow. The arrow barely misses the goblin.
The goblin hits you with a +0 club. The goblin barely misses you. x2
You shoot an arrow. The arrow completely misses the goblin.
The goblin hits you but does no damage.
Ijyb zaps a wand.
Your mind is blasted!
The goblin misses you. The goblin hits you with a +0 club.
You shoot an arrow. The arrow hits the goblin!
You kill the goblin!
The goblin closely misses you. Ijyb hits you but does no damage.
The goblin hits you but does no damage.
You shoot an arrow. The arrow barely misses Ijyb.
The goblin barely misses you. Ijyb hits you with a +0 club.
The goblin completely misses you.
You shoot an arrow. The arrow closely misses Ijyb.
The goblin hits you with a +0 club. Ijyb hits you but does no damage.
The goblin hits you but does no damage.
You shoot an arrow. The arrow hits Ijyb but does no damage.
The goblin misses you. Ijyb screams, "I dance on your bones!"
Ijyb hits you with a +0 club. The goblin closely misses you.
The goblin hits you but does no damage.
Ijyb zaps a wand.
Your mind is blasted!
Ouch! That really hurt!
You die...

##+#######......#.#
#.##.# #......... ....#
#.##...... #####...#
#.##.#.... 8.8.8...#
#.##.#.#.# ........#
.......#.. ........#
#.##.###.#
......gg#######.##.# #.#
...).)g@.........<.# #.#
......)##.#####.##.###.#
8.8.8..#................
#########.....#.######.#
#.....#.# #.# #.......#
#.# #.......# #..
#.......######..
#...............


You could see Ijyb and 2 goblins.

Vanquished Creatures
  2 adders (D:2)
  2 endoplasms (D:1)
  2 giant cockroaches (D:1)
  11 goblins
  7 hobgoblins
  2 quokkas (D:1)
  5 frilled lizards
  4 kobolds
  2 rats (D:1)
37 creatures vanquished.

Notes
Turn   | Place    | Note
-------+----------+-------------------------------------------
     0 | D:1      | qw the Gargoyle Hunter began the quest for the Orb.
     0 | D:1      | Reached XP level 1. HP: 12/12 MP: 1/1
     0 | D:1      | 0 ||| qw: Version: 0.2-a-29-g1fa15c8
     0 | D:1      | 0 ||| qw: Game counter: 4899
     0 | D:1      | 0 ||| qw: Always use a shield: true
     0 | D:1      | 0 ||| qw: God list: Okawaru
     0 | D:1      | 0 ||| qw: Allow faded altars: false
     0 | D:1      | 0 ||| qw: Do Orc after D:15 true
     0 | D:1      | 0 ||| qw: Do second Lair branch before Depths: true
     0 | D:1      | 0 ||| qw: Lair rune preference: random
     0 | D:1      | 0 ||| qw: Plans: Normal, Zot:1-4, Slime:5, God:TSO, Crypt,
                  | Tomb, Abyss, Pan, Hells, Win
     0 | D:1      | 0 ||| PLANNING D:1-11
    34 | D:1      | Found Poloer's Magic Scroll Shop.
    41 | D:1      | 41 ||| SHOPLISTING scroll of identify (22 gold, have 0).
    41 | D:1      | 41 ||| SHOPLISTING scroll of teleportation (33 gold, have
                  | 0).
   124 | D:1      | Reached XP level 2. HP: 13/17 MP: 2/2
   353 | D:1      | Reached XP level 3. HP: 21/21 MP: 3/3
   453 | D:1      | 453 ||| READING scroll labelled YTSEIPPUDO.
   470 | D:1      | 470 ||| READING scroll labelled FETTUO IMOPHOA.
   471 | D:1      | 471 ||| DRINKING 2 coppery potions.
   575 | D:1      | 575 ||| DROPPING scroll of butterflies.
   576 | D:1      | 576 ||| DROPPING potion of berserk rage.
   599 | D:2      | Reached skill level 5 in Ranged Weapons
   622 | D:2      | 622 ||| FLEEEEING.
   623 | D:2      | 623 ||| FLEEEEING.
   732 | D:2      | Reached skill level 3 in Fighting
   916 | D:2      | Noticed Ijyb
   921 | D:2      | Reached XP level 4. HP: 27/28 MP: 4/4
   926 | D:2      | Blown up by Ijyb

Levels and vault maps discovered:
D:1:      psy_arrival_dodecagon, layout_basic, serial_shops, shop
D:2:      kennysheep_the_goblin_king, layout_basic, minmay_goblin_kobold_house

Skill      XL: |  1  2  3 |
---------------+----------+-----
Ranged Weapons | 5 |  5.1
Fighting       | 3 |  3.0
Dodging        | |  1.5
Stealth        | |  1.1

Action                     |  1- 3 |  4- 6 || total
---------------------------+-------+-------++-------
   Fire: Shortbow          |   105 |     6 ||   111
    Use: Scroll            |     2 |       ||     2
         Potion            |     1 |       ||     1
 Armour: Leather armour    |    16 |     6 ||    22
  Dodge: Dodged            |    29 |     8 ||    37

Table legend:
 A = Non-vault XP
 B = Vault XP
 C = Vault XP percentage of total XP
 D = Non-vault monster count
 E = Vault monster count
 F = Vault count percentage of total count
                 A         B        C        D         E       F
            +---------+---------+-------+---------+---------+-------
      Total |      78 |       7 |   8.2 |      33 |       4 |  10.8
            +---------+---------+-------+---------+---------+-------
        D:1 |      38 |       0 |   0.0 |      24 |       0 |   0.0
        D:2 |      40 |       7 |  14.9 |       9 |       4 |  30.8
            +---------+---------+-------+---------+---------+-------
